 Dungeon Crawl Stone Soup version 0.25-a0-108-gda8bd6c (webtiles) character file.

Game seed: 15653029066478265285, levelgen mode: deterministic

543 BoppinsLewinski the Chopper (level 7, -4/58 HPs)
             Began as a Centaur Gladiator on Nov 18, 2019.
             Killed by divine providence
             ... invoked by an orc priest
              (12 damage)
             ... on level 4 of the Dungeon.
             The game lasted 00:03:59 (2604 turns).

BoppinsLewinski the Chopper (Centaur Gladiator)     Turns: 2604, Time: 00:04:00

Health: -4/58      AC: 10    Str: 17    XL:     7   Next: 6%
Magic:  7/7        EV:  6    Int:  7    God:
Gold:   130        SH:  0    Dex: 12    Spells: 6/6 levels left

rFire    + . .     SeeInvis .   a - +0 war axe
rCold    + . .     Gourm    .   (no shield)
rNeg     . . .     Faith    .   p - +0 chain mail
rPois    +         Spirit   .   c - +0 helmet
rElec    +         Reflect  .   w - +0 cloak
rCorr    +         Harm     .   (no gloves)
MR       .....                  (no barding)
Stlth    ..........             (no amulet)
HPRegen  0.19/turn              (no ring)
MPRegen  0.10/turn              (no ring)

@: resistant, very quick
A: large, hooves 3, deformed body, speed 2, tough skin 3
a: no special abilities


You were on level 4 of the Dungeon.
You were hungry.

You visited 1 branch of the dungeon, and saw 3 of its levels.

You collected 130 gold pieces.

Inventory:

Hand Weapons
 a - a +0 war axe (weapon)
Missiles
 d - 2 throwing nets (quivered)
Armour
 c - a +0 helmet (worn)
 p - a +0 chain mail (worn)
 w - a +0 cloak (worn)
Jewellery
 b - an uncursed ring of see invisible {unknown}
 j - an uncursed ring of ice {unknown}
 v - an uncursed ring of protection from fire {unknown}
Scrolls
 e - a scroll of amnesia {unknown}
 l - a scroll of fog {unknown}
 n - 5 scrolls of identify {unknown}
 q - 2 scrolls of remove curse {unknown}
 s - a scroll of magic mapping {unknown}
 t - a scroll of random uselessness {unknown}
 u - a scroll of teleportation {unknown}
Potions
 g - a potion of haste
 k - a potion of brilliance {unknown}
 m - a potion of might {unknown}
 o - a potion of lignification {unknown}
 r - a potion of degeneration {unknown}
Comestibles
 f - 4 rations


   Skills:
 + Level 3.8 Fighting
 * Level 5.1 Axes
 - Level 2.1 Throwing
 + Level 2.2 Armour
 + Level 3.3 Dodging


You had 6 spell levels left.
You didn't know any spells.
Your spell library was empty.

Dungeon Overview and Level Annotations

Branches:
Dungeon (2/15)

Altars:

Annotations:
D:4 Menkaure


Innate Abilities, Weirdness & Mutations

You have hooves in place of feet.
Armour fits poorly on your strangely shaped body.
You cover ground very quickly.
You have extremely tough skin. (AC +3)


Message History

Unknown command.
Ye barely miss Menkaure.
Ye kick Menkaure, but do nay damage.
Menkaure be almost destroyed.
Menkaure casts a spell at ye.
Pain shoots through yer body!
Menkaure casts a spell at ye.
Ye struggle ta resist.
Unknown command.
Yer chain mail prevents ye from hittin' Menkaure.
Menkaure be almost destroyed.
Tha orc priest invokes tha aid o' Beogh against ye.
Beogh smites ye!
* * * LOW HITPOINT WARNIN'
* * * Menkaure calls on tha powers o' darkness!
Tha orc convulses!
Yer body be wracked wit' pain!
* * * LOW HITPOINT WARNIN'
* * * Tha orc priest convulses!
Tha orc priest calls down tha wrath o' Beogh upon ye.
Beogh smites ye!
Ye die...

#.....(.#...
#.......#.#.
#####.##.##.#.#. %
....##......#.
##.###..#####.###.
..#.....#####.# .
#.. #........# .
#.####..####### .
#@##....#
.#####M##.##.#
#.....oo......#
........##<####
#.......##.#
#(..........
#........###.
#........ ..
#........# ##


You could see Menkaure, an orc priest and an orc.

Vanquished Creatures
  Pikel (D:4)
  2 hounds (D:4)
  2 adders (D:2)
  A dart slug (D:1)
  6 leopard geckos (D:1)
  An orc (D:4)
  A goblin (D:1)
  8 hobgoblins
  6 jackals (D:2)
  4 kobolds
  6 bats
  A frilled lizard (D:2)
  3 rats (D:1)
42 creatures vanquished.

Vanquished Creatures (others)
  A hound (D:4)
  An iguana (D:4)
  An orc (D:4)
3 creatures vanquished.

Grand Total: 45 creatures vanquished

Notes
Turn   | Place    | Note
-------+----------+-------------------------------------------
     0 | D:1      | BoppinsLewinski the Centaur Gladiator began the quest for
                  | the Orb.
     0 | D:1      | Reached XP level 1. HP: 17/17 MP: 1/1
   405 | D:1      | Reached XP level 2. HP: 24/24 MP: 2/2
   445 | D:1      | Reached skill level 3 in Axes
   988 | D:1      | Reached XP level 3. HP: 10/30 MP: 3/3
  2347 | D:2      | You fall into a shaft and drop 2 floors!
  2357 | D:4      | Noticed Pikel
  2357 | D:4      | Noticed a slave
  2357 | D:4      | Noticed a slave
  2357 | D:4      | Noticed a slave
  2357 | D:4      | Noticed a slave
  2395 | D:4      | Reached skill level 1 in Armour
  2395 | D:4      | Reached XP level 4. HP: 24/37 MP: 4/4
  2411 | D:4      | Killed Pikel
  2411 | D:4      | Reached skill level 5 in Axes
  2411 | D:4      | Reached XP level 5. HP: 29/46 MP: 5/5
  2411 | D:4      | Reached XP level 6. HP: 33/52 MP: 6/6
  2411 | D:4      | Reached XP level 7. HP: 37/58 MP: 7/7
  2591 | D:4      | Noticed Menkaure
  2604 | D:4      | Killed from afar by an orc priest

Levels and vault maps discovered:
D:1:      wander_arrival_desolate, layout_basic
D:2:      layout_basic
D:4:      layout_loops_cross, biasface_ghost_orc_armoury, first_ration,
          chequers_big_river, kennysheep_nondescript, uniq_menkaure, uniq_pikel

Skill      XL: |  1  2  3  4 |
---------------+-------------+-----
Axes           | 3 5 |  5.1
Armour         | 1 2 |  2.2
Fighting       | 3 |  3.8
Dodging        | 3 |  3.3
Throwing       | |  2.1

Action                   |  1- 3 |  4- 6 |  7- 9 || total
-------------------------+-------+-------+-------++-------
Melee: War axe           |   153 |    15 |     9 ||   177
       Kick              |    20 |     8 |     3 ||    31
Throw: Throwing net      |     3 |     1 |     1 ||     5
  Use: Potion            |     2 |       |     2 ||     4
 Stab: Held in net/web   |     1 |       |       ||     1
  Eat: Chunk             |     2 |       |     2 ||     4
Armor: Leather armour    |    39 |       |       ||    39
       Chain mail        |   109 |     3 |     5 ||   117
Dodge: Dodged            |    77 |     4 |     1 ||    82

Table legend:
 A = Non-vault XP
 B = Vault XP
 C = Vault XP percentage of total XP
 D = Non-vault monster count
 E = Vault monster count
 F = Vault count percentage of total count
                 A         B        C        D         E       F
            +---------+---------+-------+---------+---------+-------
      Total |     184 |     593 |  76.3 |      41 |       1 |   2.4
            +---------+---------+-------+---------+---------+-------
        D:1 |      45 |       0 |   0.0 |      23 |       0 |   0.0
        D:2 |      49 |       0 |   0.0 |      15 |       0 |   0.0
        D:4 |      90 |     593 |  86.8 |       3 |       1 |  25.0
            +---------+---------+-------+---------+---------+-------
